 Dungeon Crawl Stone Soup version 0.31-a0-977-gc230f8ef24 (webtiles) character file.

Game seed: 16424277448252018630

94 Dirtsage the Cudgeller (level 4, -3/29 HPs)
             Began as a Gargoyle Fighter on Oct 29, 2023.
             Slain by a gnoll
             ... wielding a +0 spear
              (6 damage)
             ... on level 3 of the Dungeon.
             The game lasted 00:03:26 (1927 turns).

Dirtsage the Cudgeller (Gargoyle Fighter)           Turns: 1927, Time: 00:03:27

Health: -3/29      AC: 10    Str: 21    XL:     4   Next: 63%
Magic:  4/4        EV:  9    Int:  9    God:
Gold:   148        SH:  4    Dex:  9    Spells: 3/3 levels left

rFire   . . .        a - +0 flail
rCold   + . .        c - +0 buckler
rNeg    + . .        b - +0 scale mail
rPois   ∞            (no helmet)
rElec   +            (no cloak)
rCorr   .            (no gloves)
SInv    .            (no boots)
Will    .....        (no amulet) Stlth
                     I - ring of protection from cold
HPRegen 0.24/turn    (no ring)
MPRegen 0.09/turn

%: no passive effects
@: no status effects
A: sickness immunity, AC +3, negative energy resistance 1, electricity
resistance, torment resistance 1, petrification resistance
a: no special abilities


You were on level 3 of the Dungeon.
You visited 1 branch of the dungeon, and saw 3 of its levels.

You collected 148 gold pieces.

Inventory:

Hand Weapons
 a - a +0 flail (weapon)
Armour
 b - a +0 scale mail (worn)
 c - a +0 buckler (worn)
 k - a +0 helmet
 o - a +0 helmet
Jewellery
 I - a ring of protection from cold (left hand)
Wands
 m - a wand of roots (3)
Scrolls
 j - 5 scrolls of fog
Potions
 d - 2 potions of might
 e - a potion of invisibility {unknown}
 f - 2 potions of enlightenment {unknown}
 g - a potion of mutation {unknown}
 h - 2 potions of ambrosia {unknown}
 i - a potion of magic {unknown}
 l - a potion of attraction {unknown}
 n - a potion of curing {unknown}


   Skills:
 + Level 4.0 Fighting
 * Level 4.2 Maces & Flails
 - Level 3.2 Armour
 - Level 3.2 Shields


You had 3 spell levels left.
You didn't know any spells.
Your spell library contained the following spells:

 Spells                   Type           Power      Damage    Failure   Level
 Frozen Ramparts          Ice            0%         1d1       99%         3
 Petrify                  Tmut/Erth      0%         N/A       100%        4
 Metabolic Englaciation   Hex/Ice        0%         N/A       100%        5


Dungeon Overview and Level Annotations

Branches:
Dungeon (3/15)

Altars:


Innate Abilities, Weirdness & Mutations

You are immune to sickness and miasma.
Your stone body is resilient. (AC +3)
You are immune to poison.
You resist negative energy. (rN+)
You are resistant to electric shocks. (rElec)
You are resistant to unholy torment.
You are immune to petrification.


Message History

The gnoll hits you from afar with a +0 spear.
You take 8 damage, and have 16/29 hp.
MASSIVE DAMAGE!!
You hit the adder but do no damage.
The adder is heavily wounded.
The adder misses you. The gnoll barely misses you.
You barely miss the adder.
The adder is heavily wounded.
The adder barely misses you.
The gnoll hits you from afar with a +0 spear.
The adder bites you but does no damage.
You take 4 damage, and have 12/29 hp.
You closely miss the adder.
The adder is heavily wounded.
The adder bites you. The gnoll barely misses you. You block the adder's attack.
You take 1 damage, and have 11/29 hp.
You closely miss the adder.
The adder is heavily wounded.
You block the gnoll's attack. The adder barely misses you.
The gnoll hits you but does no damage.
You hit the adder.
The adder is heavily wounded.
The adder bites you but does no damage. The adder closely misses you.
The gnoll hits you from afar with a +0 spear.
You miss the adder.
The adder is heavily wounded.
The adder bites you but does no damage.
The gnoll hits you from afar with a +0 spear.
* * * LOW HITPOINT WARNING * * *
You take 3 damage, and have 8/29 hp.
You barely miss the adder.
The adder is heavily wounded.
The adder bites you but does no damage. You block the gnoll's attack.
The adder bites you but does no damage.
You closely miss the adder.
The adder is heavily wounded.
The adder closely misses you.
The gnoll hits you from afar with a +0 spear.
* * * LOW HITPOINT WARNING * * *
The gnoll hits you from afar with a +0 spear.
You die...

#.........# ≈ #.........# ≈≈~~
#.# #.........# ≈~≈~. #...
#.........#..≈≈≈~~ #...###
#.........#.~.≈≈≈~ #.. #....##
#....).†..##~~≈≈≈≈ #...##.....#
#####...####.~≈≈≈≈
#..........#######...####.~≈≈~≈
...##......).@Sg........~≈~.~.
#..##.....########..###.~~...
#..........# ...###.....
#.......)..## .#........#
#.............# .######...#
#.........#...# .######.(.#
#..........)..# #>..#....
#..........#### #.##....>...
##.########... #...........


You could see a gnoll and an adder.

Vanquished Creatures
  4 adders
  2 worms (D:2)
  A dart slug (D:3)
  An orc (D:3)
  5 endoplasms
  6 goblins
  A hobgoblin (D:1)
  A quokka (D:1)
  5 ball pythons
  9 bats
  5 frilled lizards
  2 kobolds
  10 rats
52 creatures vanquished.

Notes
Turn   | Place    | Note
-------+----------+-------------------------------------------
     0 | D:1      | Dirtsage the Gargoyle Fighter began the quest for the Orb.
     0 | D:1      | Reached XP level 1. HP: 14/14 MP: 1/1
   230 | D:1      | Reached XP level 2. HP: 18/19 MP: 2/2
   963 | D:2      | Reached XP level 3. HP: 23/23 MP: 3/3
  1335 | D:2      | Reached XP level 4. HP: 24/29 MP: 4/4
  1702 | D:3      | Found a faded altar of an unknown god.
  1927 | D:3      | Slain by a gnoll

Illustrated notes

Levels and vault maps discovered:
D:1:      dpeg_arrival_subterranean_lakeside_camping, layout_loops_ring
D:2:      layout_loops_ring
D:3:      layout_rooms, chequers_ecumenical_altar_island, uniq_robin,
          uniq_terence

Skill      XL: |  1  2  3  4 |
---------------+-------------+-----
Maces & Flails | 3 4 |  4.2
Fighting       | 4 |  4.0
Armour         | |  3.2
Shields        | |  3.2

Action                     |  1- 3 |  4- 6 || total
---------------------------+-------+-------++-------
  Melee: Flail             |   126 |    56 ||   182
    Use: Scroll            |       |     3 ||     3
 Armour: Scale mail        |    93 |    55 ||   148
  Dodge: Dodged            |    61 |    38 ||    99
  Block: Buckler           |    32 |    16 ||    48

Table legend: (Time is in decaauts)
 A = Elapsed time spent in this place.
 B = Non-inter-level travel time spent in this place.
 C = Inter-level travel time spent in this place.
 D = Time resting spent in this place.
 E = Time spent auto-exploring this place.
 F = Levels seen in this place.
 G = Mean time per level.
                   A        B        C        D        E       F      G
               +--------+--------+--------+--------+--------+-----+--------+
         Total |   1976 |   1896 |     80 |      0 |   1472 |   3 |  658.7 |
       Dungeon |   1976 |   1896 |     80 |      0 |   1472 |   3 |  658.7 |
               +--------+--------+--------+--------+--------+-----+--------+

Top non-repeatable levels by time:
     D:1: 933 daAuts
     D:2: 797 daAuts
     D:3: 246 daAuts
